cohdb
Replays
Latest Replays
All Replays
Popular Replays
Top Player Replays
Match Explorer
How It Works
Community
CoH3 Stats
Reddit
Sign in to upload your games and track your stats! →
Sign in with Steam
Match 39918291
Unlisted
Match 39918291
Overview
Messages
Build Orders
End
Construct Barracks
Selects Armored Battlegroup
Engineer Squad
Selects Assault Engineers
Riflemen Squad
Riflemen Squad
Riflemen Squad
Infantry Support Center
Riflemen Squad
Mortar Pit
M1918 Browning Automatic Rifles
Construct Medical Station
Grenade Package
Construct Motor Pool
M1 Anti-tank Gun Team
Advanced Logistics
Riflemen Squad
M1 Anti-tank Gun Team
Selects Strength in Steel
Selects Seek and Destroy
Selects UNKNOWN (2160077)
M1 Anti-tank Gun Team
Assault Engineer Squad
Construct Tank Depot
Selects Field Repairs
Selects War Machine
Riflemen Squad
M4A3E8 Sherman Easy Eight
Riflemen Squad
Survival Training
Assault Engineer Squad
M4A3E8 Sherman Easy Eight
M4A3E8 Sherman Easy Eight
Zzoey
『BlackBear』
0
0
Comments
sign in to comment!
No comments posted yet!